 Dungeon Crawl Stone Soup version 0.31-a0-18-gea43df2a32 (webtiles) character file.

Game seed: 9102156090042330654

2 subawu the Cudgeller (level 1, 0/19 HPs)
             Began as a Meteoran Cinder Acolyte on May 12, 2023.
             Was a High Priest of Ignis.
             Frozen to death by an endoplasm (3 damage)
             ... on level 1 of the Dungeon.
             The game lasted 00:00:17 (92 turns).

subawu the Cudgeller (Meteoran Cinder Acolyte)        Turns: 92, Time: 00:00:18

Health: 0/19       AC:  2    Str: 15    XL:     1   Next: 57%
Magic:  3/3        EV: 11    Int: 15    God:    Ignis [*****.]
Gold:   0          SH:  0    Dex:  9    Spells: 2/2 levels left

rFire   + . .        a - -1 mace (flame)
rCold   . . .        (no shield)
rNeg    . . .        b - +0 robe
rPois   .            (no helmet)
rElec   .            (no cloak)
rCorr   .            (no gloves)
SInv    .            (no boots)
Will    .....        (no amulet)
Stlth   +            (no ring)
HPRegen 0.23/turn    (no ring)
MPRegen 0.08/turn

%: no passive effects
@: glowing
A: sense surroundings 1, otherworldly, glowing, explore regen
a: Renounce Religion, Fiery Armour, Foxfire Swarm, Rising Flame


You were on level 1 of the Dungeon.
You worshipped Ignis.
Ignis was extremely pleased with you.
You visited 1 branch of the dungeon, and saw 1 of its levels.

Inventory:

Hand Weapons
 a - a -1 mace of flaming (weapon)
 c - a +0 falchion
Armour
 b - a +0 robe (worn)


   Skills:
 + Level 3.3 Fighting
 + Level 4.0 Maces & Flails
 + Level 1.4 Spellcasting
 + Level 3.7 Fire Magic


You had 2 spell levels left.
You didn't know any spells.
Your spell library contained the following spells:

 Spells                   Type           Power      Damage    Failure   Level
 Scorch                   Fire           24%        2d6       8%          2


Dungeon Overview and Level Annotations

Branches:
Dungeon (1/15) Zot: 505

Altars:


Innate Abilities, Weirdness & Mutations

You passively map a small area around you.
You are easily found by Zot.
You glow in the dark.
You regain HP and MP as you explore.


Message History

Found a ring mail.
The endoplasm hits you. The endoplasm misses you.
The endoplasm attacks as you move away! The endoplasm completely misses you.
You hit the endoplasm. You burn the endoplasm.
You kill the endoplasm!
Found a falchion.
You see here a +0 falchion.
c - a +0 falchion You see here a +0 ring mail.
A quokka comes into view.
The quokka closely misses you. The quokka completely misses you.
You closely miss the quokka. The quokka bites you.
You hit the quokka but do no damage. The quokka bites you.
The quokka barely misses you.
You hit the quokka. You burn the quokka.
You kill the quokka!
You see here a quokka corpse.
Found a stone staircase leading down.
A hobgoblin comes into view.
The hobgoblin shouts!
An endoplasm comes into view.
The endoplasm quivers.
A kobold comes into view. It is wielding a +0 short sword.
The kobold shouts!
You hear a shout!
The hobgoblin hits you.
You barely miss the hobgoblin. The hobgoblin hits you. x2
The endoplasm hits you.
You hit the hobgoblin but do no damage. The endoplasm barely misses you.
The hobgoblin barely misses you.
You hit the hobgoblin. You burn the hobgoblin.
The hobgoblin is heavily wounded.
The endoplasm freezes you.
You are frozen.
The hobgoblin hits you.
* * * LOW HITPOINT WARNING * * *
You hit the hobgoblin. You burn the hobgoblin.
You kill the hobgoblin!
The endoplasm freezes you.
You are frozen.
You die...

, , . * , * * * #. .# ,,
#.##* .# * * #...## .# .
, , , ...# *.# ,..
#############.###.###...
,
#...............#.......
,
#.#############..J......
#.# #.@†K.>... * #†#
#.#####... , * #.# #.#
,, , , #.# ###### * #.#
, , ..# ..#.. , ..# , *
### #.#.# ### # #.#.#.#
# #.#.#.## # #......###


You could see an endoplasm and a kobold.

Vanquished Creatures
  An endoplasm (D:1)
  A hobgoblin (D:1)
  A quokka (D:1)
3 creatures vanquished.

Notes
Turn   | Place    | Note
-------+----------+-------------------------------------------
     0 | D:1      | subawu the Meteoran Cinder Acolyte began the quest for the
                  | Orb.
     0 | D:1      | Reached XP level 1. HP: 19/19 MP: 3/3
    92 | D:1      | Frozen to death by an endoplasm

Illustrated notes

Levels and vault maps discovered:
D:1:      dpeg_arrival_tiny_a, layout_basic, glass_columns_b, interstate_on_off

Action                     || total
---------------------------++-------
  Melee: Mace              ||     8
  Dodge: Dodged            ||     7

Table legend: (Time is in decaauts)
 A = Elapsed time spent in this place.
 B = Non-inter-level travel time spent in this place.
 C = Inter-level travel time spent in this place.
 D = Time resting spent in this place.
 E = Time spent auto-exploring this place.
 F = Levels seen in this place.
 G = Mean time per level.
                   A        B        C        D        E       F      G
               +--------+--------+--------+--------+--------+-----+--------+
         Total |     93 |     93 |      0 |      0 |      0 |   1 |   93.0 |
       Dungeon |     93 |     93 |      0 |      0 |      0 |   1 |   93.0 |
               +--------+--------+--------+--------+--------+-----+--------+

Top non-repeatable levels by time:
     D:1: 93 daAuts
